 Dungeon Sprint DCSS version 0.21.0-24-g2553a33 (webtiles) character file.

8100000 dobroeutro the Conqueror (level 27, -12/249 HPs)
             Began as a Demonspawn Gladiator on Jan 19, 2018.
             Was the Champion of Makhleb.
             Mangled by a sculptor of flesh
             ... wielding a +9 great sword
              (231 damage)
             ... in the Dungeon (Sprint VIII: "Arena of Blood").
             The game lasted 00:02:49 (81 turns).

dobroeutro the Conqueror (Demonspawn Gladiator)       Turns: 81, Time: 00:02:50

Health: -12/249    AC: 12    Str: 31    XL:     27
Magic:  54/54      EV: 41    Int:  9    God:    Makhleb [******]
Gold:   0          SH:  0    Dex: 22    Spells: 80/80 levels left

rFire    . . .     SeeInvis +   k - +∞ Axe of Woe
rCold    + . .     Gourm    .   (shield currently unavailable)
rNeg     . . .     Faith    .   a - +0 leather armour
rPois    .         Spirit   .   b - +0 helmet
rElec    .         Reflect  .   (no cloak)
rCorr    +         Harm     .   (no gloves)
MR       ++...     NoTele   +   (boots unavailable)
Stlth    +++++++++.             (no amulet)
HPRegen  0.51/turn              l - ring of see invisible
MPRegen  0.34/turn              (no ring)

@: mighty, agile
A: hooves 3, yellow scales 3, cold resistance 1, foul stench 2, passive freeze,
powered by pain 3, rot immunity, freezing cloud immunity
a: Minor Destruction, Lesser Servant of Makhleb, Major Destruction, Greater
Servant of Makhleb, Renounce Religion


You were in the Dungeon.
You worshipped Makhleb.
Makhleb was exalted by your worship.
You were not hungry.

You visited 1 branch

Inventory:

Hand Weapons
 k - the +∞ Axe of Woe (weapon)
   (You found it in the Dungeon)
Missiles
 c - 3 throwing nets (quivered)
Armour
 a - a +0 leather armour (worn)
 b - a +0 helmet (worn)
Jewellery
 l - a ring of see invisible (left hand)
Scrolls
 j - a scroll of blinking
Potions
 e - a potion of curing
 f - a potion of heal wounds
 g - a potion of haste
 h - 2 potions of magic
 i - a potion of berserk rage
Comestibles
 d - a ration


   Skills:
 O Level 27 Fighting
 O Level 27 Axes
 O Level 27 Throwing
 O Level 27 Armour
 O Level 27 Dodging
 O Level 27 Stealth
 O Level 27 Unarmed Combat
 O Level 27 Spellcasting
 O Level 27 Invocations


You had 80 spell levels left.
You didn't know any spells.

Dungeon Overview and Level Annotations

Branches:
Dungeon (1/1)

Altars:
Makhleb


Innate Abilities, Weirdness & Mutations

You have hooves in place of feet.
You are completely covered in yellow scales. (AC +4, rCorr)
Your flesh is cold resistant. (rC+)
You frequently emit foul miasma when damaged in melee.
A frigid envelope surrounds you and freezes all who hurt you.
You are powered by pain.
You are immune to rotting.
You are immune to freezing clouds.


Message History

You hear a shout! x2
The meat beast appears out of thin air!
A meat beast comes into view.
A crawling corpse merges with a small abomination to form a large abomination.
You hear a shout! x2
The large bag of meat is engulfed in blazing flames.
You hear a shout!
A meat berserker comes into view. It is wielding a +9 battleaxe.
Unknown command.
Unknown command.
Unknown command.
An orc, a greater mummy and a wraith come into view.
The meat beast hisses angrily.
The tyrant mumbles some strange words.
You hear a shout! x4
The wretched soul appears out of thin air!
A wretched soul comes into view.
The sculptor of flesh hits you with a +9 great sword!!!!!
Ouch! That really hurt!
You die...

#################
####......).)......###
####..o%X)).))x).........
#...%o.o2).##.##.#####...
.....%oO§)%.......o.O....
..%.####o)...##.##.......
.o.#.ozX@.M......).M.....
Moo#X.LWz.....#.#M).....
#.XoX........V))...##
oO#X.X........§)).....
..z.O#W........)§§o.....
..........W...X.)§......
. ....O.......))).......
o.W.....#....).)#......
#...%%).#......


You could see 2 accurseds, 2 tentacled monstrosities, a meat beast, a tyrant, 3
sculptors of flesh, a large bag of meat (inner flame), 6 large abominations, 3
wretched souls, a dread (wandering), 3 meat berserkers, a small abomination and
9 bags of meat.

Vanquished Creatures
  2 hell beasts (D)
  2 greater mummies (D)
  11 vampire knights (D)
  17 ogres (D)
  5 two-headed ogres (D)
  52 orcs (D)
  A phantom (D)
  2 skeletal warriors (D)
  2 small abominations (D)
  A large abomination (D)
  4 crawling corpses (D)
99 creatures vanquished.

Notes
Turn   | Place    | Note
-------+----------+-------------------------------------------
     0 | D        | Found the +∞ Axe of Woe
     0 | D        | dobroeutro the Demonspawn Gladiator began the quest for the Orb.
     0 | D        | Reached XP level 1. HP: 16/16 MP: 1/1
     3 | D        | Noticed a bag of meat
     4 | D        | Became a worshipper of Makhleb the Destroyer
     6 | D        | Noticed a bag of meat
     6 | D        | Noticed a bag of meat
     8 | D        | Noticed a bag of meat
     8 | D        | Noticed a bag of meat
     9 | D        | Noticed a bag of meat
     9 | D        | Noticed a bag of meat
    10 | D        | Killed a bag of meat
    10 | D        | Gained mutation: You are immune to rotting. [demonic ancestry]
    10 | D        | Reached XP level 2. HP: 43/43 MP: 2/2
    10 | D        | Gained mutation: You sometimes gain a little power by taking damage. [demonic ancestry]
    10 | D        | Reached XP level 3. HP: 49/49 MP: 3/3
    10 | D        | Reached XP level 4. HP: 56/56 MP: 4/4
    10 | D        | Gained mutation: You may emit foul miasma when damaged in melee. [demonic ancestry]
    10 | D        | Reached XP level 5. HP: 62/62 MP: 5/5
    10 | D        | Gained mutation: You have large cloven feet. [demonic ancestry]
    10 | D        | Reached XP level 6. HP: 69/69 MP: 6/6
    10 | D        | Gained mutation: You have hoof-like feet. [demonic ancestry]
    10 | D        | Reached XP level 7. HP: 75/75 MP: 7/7
    10 | D        | Reached XP level 8. HP: 82/82 MP: 8/8
    10 | D        | Reached XP level 9. HP: 88/88 MP: 9/9
    10 | D        | Gained mutation: You are partially covered in yellow scales. (AC +2) [demonic ancestry]
    10 | D        | Reached XP level 10. HP: 95/95 MP: 10/10
    10 | D        | Reached XP level 11. HP: 101/101 MP: 11/11
    10 | D        | Killed a bag of meat
    10 | D        | Reached * piety under Makhleb
    10 | D        | Reached skill level 15 in Axes
    10 | D        | Reached skill level 15 in Armour
    10 | D        | Reached skill level 15 in Dodging
    10 | D        | Gained mutation: You sometimes gain power by taking damage. [demonic ancestry]
    10 | D        | Reached XP level 12. HP: 113/113 MP: 12/12
    11 | D        | Noticed a meat berserker
    11 | D        | Noticed a bag of meat
    11 | D        | Noticed a bag of meat
    12 | D        | Noticed a bag of meat
    12 | D        | Killed a bag of meat
    12 | D        | Gained mutation: You frequently emit foul miasma when damaged in melee. [demonic ancestry]
    12 | D        | Reached XP level 13. HP: 103/122 MP: 13/13
    12 | D        | Killed a bag of meat
    12 | D        | Gained mutation: You have hooves in place of feet. [demonic ancestry]
    12 | D        | Reached XP level 14. HP: 112/133 MP: 14/14
    13 | D        | Noticed a bag of meat
    13 | D        | Noticed a meat berserker
    13 | D        | Killed a bag of meat
    13 | D        | Reached ** piety under Makhleb
    14 | D        | Noticed a bag of meat
    14 | D        | Noticed a bag of meat
    14 | D        | Killed a meat berserker
    14 | D        | Gained mutation: You are powered by pain. [demonic ancestry]
    14 | D        | Reached XP level 15. HP: 146/146 MP: 15/15
    14 | D        | Reached *** piety under Makhleb
    14 | D        | Reached XP level 16. HP: 157/157 MP: 16/16
    15 | D        | Noticed a large bag of meat
    18 | D        | Noticed a meat berserker
    18 | D        | Killed a meat berserker
    18 | D        | Reached **** piety under Makhleb
    18 | D        | Reached XP level 17. HP: 147/171 MP: 17/17
    19 | D        | Noticed a meat berserker
    20 | D        | Noticed a large bag of meat
    20 | D        | Noticed a meat berserker
    20 | D        | Reached skill level 27 in Fighting
    20 | D        | Gained mutation: You are mostly covered in yellow scales. (AC +3) [demonic ancestry]
    20 | D        | Reached XP level 18. HP: 182/182 MP: 18/18
    20 | D        | Reached ***** piety under Makhleb
    21 | D        | Reached skill level 27 in Axes
    21 | D        | Reached skill level 27 in Armour
    21 | D        | Reached skill level 27 in Dodging
    21 | D        | Reached skill level 5 in Throwing
    21 | D        | Reached skill level 5 in Spellcasting
    22 | D        | Killed a large bag of meat
    22 | D        | Reached skill level 15 in Invocations
    22 | D        | Reached XP level 19. HP: 189/189 MP: 30/34
    23 | D        | Noticed a large bag of meat
    23 | D        | Noticed a meat berserker
    23 | D        | Killed a meat berserker
    23 | D        | Reached skill level 15 in Throwing
    23 | D        | Reached skill level 15 in Unarmed Combat
    23 | D        | Reached skill level 15 in Spellcasting
    24 | D        | Noticed a meat berserker
    24 | D        | Gained mutation: Your flesh is cold resistant. (rC+) [demonic ancestry]
    24 | D        | Reached XP level 20. HP: 197/197 MP: 30/40
    25 | D        | Killed a meat berserker
    25 | D        | Reached ****** piety under Makhleb
    25 | D        | Killed a meat berserker
    25 | D        | Reached skill level 27 in Invocations
    25 | D        | Gained mutation: You are completely covered in yellow scales. (AC +4, rCorr) [demonic ancestry]
    25 | D        | Reached XP level 21. HP: 204/204 MP: 30/46
    28 | D        | Noticed a destroyer
    29 | D        | Noticed a large bag of meat
    29 | D        | Reached XP level 22. HP: 212/212 MP: 31/50
    29 | D        | Reached skill level 27 in Stealth
    30 | D        | Noticed a destroyer
    31 | D        | Killed a large bag of meat
    31 | D        | Reached skill level 27 in Throwing
    31 | D        | Reached skill level 27 in Unarmed Combat
    31 | D        | Reached skill level 27 in Spellcasting
    32 | D        | Noticed a destroyer
    32 | D        | Noticed a destroyer
    33 | D        | Killed a large bag of meat
    33 | D        | Reached XP level 23. HP: 219/219 MP: 32/54
    34 | D        | Noticed a destroyer
    34 | D        | Killed a destroyer
    36 | D        | Killed a large bag of meat
    36 | D        | Gained mutation: You are immune to freezing clouds. [demonic ancestry]
    36 | D        | Reached XP level 24. HP: 227/227 MP: 33/54
    38 | D        | Noticed a destroyer
    39 | D        | Killed a destroyer
    39 | D        | Killed a destroyer
    39 | D        | Gained mutation: A frigid envelope surrounds you and freezes all who hurt you. [demonic ancestry]
    39 | D        | Reached XP level 25. HP: 234/234 MP: 34/54
    42 | D        | Noticed a destroyer
    42 | D        | Noticed a destroyer
    44 | D        | Reached XP level 26. HP: 228/242 MP: 45/54
    46 | D        | Noticed a tyrant
    50 | D        | Noticed an accursed
    51 | D        | Killed a destroyer
    55 | D        | Killed a destroyer
    55 | D        | Reached XP level 27. HP: 248/249 MP: 48/54
    55 | D        | Killed a destroyer
    56 | D        | Killed a destroyer
    58 | D        | Noticed an accursed
    58 | D        | Killed a destroyer
    60 | D        | Noticed a large bag of meat
    60 | D        | Noticed a destroyer
    61 | D        | Noticed a destroyer
    61 | D        | Noticed an accursed
    63 | D        | Killed a destroyer
    67 | D        | Noticed a meat beast
    68 | D        | Killed a large bag of meat
    69 | D        | Noticed a destroyer
    69 | D        | Killed a destroyer
    71 | D        | Noticed a large bag of meat
    72 | D        | Killed a meat beast
    73 | D        | Noticed a meat beast
    76 | D        | Killed a meat beast
    76 | D        | Killed an accursed
    77 | D        | Killed a destroyer
    80 | D        | Killed an accursed
    81 | D        | Noticed a meat beast
    81 | D        | Noticed an accursed
    81 | D        | Noticed a dread
    81 | D        | Mangled by a sculptor of flesh

Skill      XL: |  1  2  3  4  5  6  7  8  9 10 11 12 13 14 15 16 17 18 19 20 21 22 |
---------------+-------------------------------------------------------------------+-----
Fighting       | 14 16 18 19 22 23 26 27 | 27.0
Axes           | 13 15 16 17 20 21 24 26 27 | 27.0
Armour         | 13 15 16 17 20 21 24 26 27 | 27.0
Dodging        | 13 15 17 18 20 22 24 26 27 | 27.0
Throwing       | 12 16 21 24 27 | 27.0
Stealth        | 12 18 22 26 27 | 27.0
Unarmed Combat | 12 17 21 24 27 | 27.0
Spellcasting   | 11 16 21 24 27 | 27.0
Invocations    | 15 22 27 | 27.0

Action                   |  1- 3 |  4- 6 |  7- 9 | 10-12 | 13-15 | 16-18 | 19-21 | 22-24 | 25-27 || total
-------------------------+-------+-------+-------+-------+-------+-------+-------+-------+-------++-------
Melee: Executioner's axe |     1 |       |       |     1 |     2 |     5 |     6 |     7 |    22 ||    44
Armor: Leather armour    |       |       |       |       |       |       |       |       |     2 ||     2
Dodge: Dodged            |       |       |       |     1 |       |       |       |     1 |     6 ||     8
